AoeStats
← GRIFOLYON

Lombardia

509763878Analyzed
3v3 RM · 5d ago on Sep 27, 2026· 46m 14s· 6 players
Game mode
Random Map
Map size
Normal (6 player)
Population
200
Speed
Normal
Resources
Standard
Victory
Conquest
Starting age
Dark Age
Ending age
Imperial Age
RankedLock teamsTeams togetherTeam positionsShared explorationLock speedFull tech treeHidden civsTurbo modeCheats
Victory
Defeat
🇺🇸 Bohemians · United States
856
+12
🇲🇽 Hindustanis · Mexico
835
+13
🇲🇽 Spanish · Mexico
745
+17
🇺🇸 Saxons · United States
814
-16
🇲🇽 Vietnamese · Mexico
784
-15
🇨🇴 Britons · Colombia
700
-11
GatoMiope
11:10 Feudal Age
12:06 Double-Bit Axe
12:05 Horse Collar
12:18 Gold Mining
14:33 Fletching
14:42 Loom
16:44 Padded Archer Armor
18:20 Wheelbarrow
25:40 Castle Age
26:12 Crossbowman
26:59 Thumb Ring
26:51 Bodkin Arrow
27:39 Hand Cart
27:30 Heavy Plow
28:37 Bow Saw
29:37 Elite Skirmisher
31:16 Leather Archer Armor
31:10 Town Watch
31:29 Stone Mining
33:40 Stone Shaft Mining
35:43 Ballistics
35:27 Town Patrol
39:20 Imperial Age
38:16 Fortified Wall
41:04 Two-Man Saw
39:58 Elite Rattan Archer
40:46 Arbalester
Sadie Enward
Aleko Bart
13:19 Feudal Age
11:37 Loom
14:18 Double-Bit Axe
18:03 Man-at-Arms
18:39 Horse Collar
21:21 Forging
25:42 Castle Age
25:53 Scale Barding Armor
27:07 Iron Casting
26:40 Husbandry
27:31 Caravan
30:22 Crossbowman
35:20 Wheelbarrow
39:22 Bow Saw
41:28 Hand Cart
GabrielLeal16
14:06 Feudal Age
15:56 Double-Bit Axe
15:52 Horse Collar
17:50 Wheelbarrow
20:10 Castle Age
18:46 Scale Mail Armor
21:46 Hand Cart
22:49 Bow Saw
31:27 Wagenburg Tactics
31:34 Wagenburg Tactics
41:43 Chemistry
43:39 Imperial Age
45:55 Pikeman
46:55 Chain Mail Armor
GRIFOLYON
12:43 Feudal Age
13:13 Double-Bit Axe
16:32 Horse Collar
32:59 Castle Age
31:38 Stone Mining
34:22 Bow Saw
34:15 Heavy Plow
37:32 Husbandry
42:40 Gold Mining
gabmtzf23
8:43 Loom
10:52 Feudal Age
15:39 Castle Age
17:37 Wheelbarrow
21:55 Town Watch
23:33 Elite Skirmisher
25:04 Thumb Ring
27:38 Fletching
27:51 Padded Archer Armor
27:58 Stone Mining
30:24 Bodkin Arrow
30:45 Leather Archer Armor
30:57 Gold Mining
32:06 Hand Cart
32:15 Town Patrol
37:16 Imperial Age
35:26 Forging
35:17 Scale Mail Armor
35:24 Scale Barding Armor
35:30 Husbandry
35:41 Bloodlines
37:37 Heavy Camel Rider
38:46 Caravan
39:06 Grand Trunk Road
39:56 Iron Casting
39:43 Chain Barding Armor
39:39 Chain Mail Armor
40:49 Elite Ghulam
44:58 Imperial Camel Rider
Connection lost

Rejoining the realm…

Still unreachable

The connection could not be restored.

Session expired

The server has moved on; the page needs a fresh start.